 Dungeon Crawl Stone Soup version 0.19.1 (webtiles) character file.

164 CanadianGator the Skirmisher (level 5, -2/48 HPs)
             Began as a Hill Orc Abyssal Knight on Nov 29, 2016.
             Was a Believer of Lugonu.
             Slain by Grinder (4 damage)
             ... while paralysed by Grinder
             ... on level 4 of the Dungeon.
             The game lasted 00:06:50 (2680 turns).

CanadianGator the Skirmisher (HOAK)                 Turns: 2680, Time: 00:06:51

Health: -2/48      AC:  9    Str: 16    XL:     5   Next: 45%
Magic:  7/7        EV:  2    Int: 12    God:    Lugonu [**....]
Gold:   105        SH:  0    Dex: 10    Spells: 0 memorised, 4 levels left

rFire  . . .     SeeInvis .     a - +1 hand axe
rCold  . . .     Gourm    .     i - +0 chain mail
rNeg   . . .     Faith    .     (no shield)
rPois  .         Spirit   .     (no helmet)
rElec  .         Reflect  .     (no cloak)
rCorr  .         Harm     .     (no gloves)
MR     .....                    (no boots)
Stlth  ..........               (no amulet)
                                (no ring)
                                m - ring of wizardry

@: paralysed, flying
A: no striking features
a: Depart the Abyss, Bend Space, Renounce Religion


You were on level 4 of the Dungeon.
You worshipped Lugonu.
Lugonu was pleased with you.
You were near starving.

You visited 1 branch of the dungeon, and saw 4 of its levels.
You visited the Abyss 1 time.

You collected 105 gold pieces.

Inventory:

Hand Weapons
 a - a +1 hand axe (weapon)
Armour
 b - a +0 leather armour
 e - a +0 ring mail
 i - a +0 chain mail (worn)
Jewellery
 m - a ring of wizardry (left hand)
Scrolls
 d - 6 scrolls of identify {unknown}
 h - a scroll of enchant armour {unknown}
 j - 5 scrolls of remove curse {unknown}
 k - 2 scrolls of enchant weapon {unknown}
 o - a scroll of magic mapping {unknown}
 p - a scroll of blinking {unknown}
 r - a scroll of recharging {unknown}
Potions
 n - 3 potions of haste
Comestibles
 c - 2 bread rations
 g - a slice of pizza
 q - a meat ration


   Skills:
 + Level 5.0 Fighting
 + Level 3.9 Axes
 + Level 3.4 Armour
 + Level 1.5 Dodging
 + Level 3.4 Invocations


You had 4 spell levels left.
You didn't know any spells.

Dungeon Overview and Level Annotations

Branches:
Dungeon (4/15)
 Temple: D:4-7

Altars:
Ashenzari
Makhleb

Annotations:
D:4 Grinder


Message History

Pain shoots through your body! Grinder gestures at you.
You barely resist.
Grinder blinks!
Grinder hits you but does no damage.
You closely miss Grinder. Grinder hits you but does no damage.
Grinder blinks!
You hit Grinder but do no damage.
Grinder is no longer moving quickly.
Grinder blinks!
You hit Grinder.
Grinder is lightly wounded.
Grinder gestures at you.
You suddenly lose the ability to move!
Grinder hits you.
* * * LOW HITPOINT WARNING * * *
You writhe in agony.
* * * LOW HITPOINT WARNING * * *
Grinder hits you.
* * * LOW HITPOINT WARNING * * *
You writhe in agony.
You die...

#........ #....##.#
#..#.##.#
#..#.##.########
...............#
#.#............#
#.#............#
######.#.5..........#
#........@..>.......#
#......#......(.....#
#......#............#
#......#............#
#......#.(#.........#
#........##.#########
#.......###.#
#......## +.#
#.....#.###.#


You could see Grinder.

Vanquished Creatures
  A jelly (D:3)
  A worker ant (D:4)
  3 adders (D:2)
  3 worms (D:2)
  2 dart slugs (D:1)
  5 orcs (D:3)
  2 giant cockroaches
  5 goblins
  9 hobgoblins
  6 jackals (D:1)
  5 kobolds
  2 quokkas (D:3)
  A ball python (D:3)
  9 bats
  3 frilled lizards
  8 rats
65 creatures vanquished.

Notes
Turn   | Place    | Note
-------+----------+-------------------------------------------
     0 | Abyss:1  | CanadianGator the Hill Orc Abyssal Knight began the quest for the Orb.
     0 | Abyss:1  | Reached XP level 1. HP: 19/19 MP: 2/2
     5 | Abyss:1  | Found a corrupted altar of Lugonu.
    37 | Abyss:1  | Noticed a rust devil
    62 | Abyss:1  | Noticed a small abomination
    67 | D:1      | Escaped the Abyss
   349 | D:1      | Reached * piety under Lugonu
   395 | D:1      | Reached skill level 4 in Fighting
   395 | D:1      | Reached XP level 2. HP: 24/27 MP: 3/3
   601 | D:1      | Reached XP level 3. HP: 33/34 MP: 4/4
   855 | D:2      | Reached skill level 1 in Dodging
   889 | D:2      | Found a burning altar of Makhleb.
  1141 | D:2      | Found a shattered altar of Ashenzari.
  1147 | D:2      | Reached ** piety under Lugonu
  1160 | D:2      | Reached XP level 4. HP: 40/41 MP: 4/6
  1306 | D:2      | Found a faded altar of an unknown god.
  2505 | D:3      | Reached skill level 5 in Fighting
  2505 | D:3      | Reached XP level 5. HP: 38/48 MP: 7/7
  2639 | D:4      | Noticed Grinder
  2642 | D:4      | Paralysed by Grinder for 2 turns
  2649 | D:4      | Paralysed by Grinder for 3 turns
  2659 | D:4      | Paralysed by Grinder for 5 turns
  2678 | D:4      | Paralysed by Grinder for 5 turns
  2680 | D:4      | HP: 2/48 [Grinder (4)]
  2680 | D:4      | Slain by Grinder

Skill      XL: |  1  2  3  4 |
---------------+-------------+-----
Fighting       | 4 5 |  5.0
Dodging        | 1 |  1.5
Axes           | 3 |  3.9
Armour         | 3 |  3.4
Invocations    | 3 |  3.4

Action                   |  1- 3 |  4- 6 || total
-------------------------+-------+-------++-------
Melee: Hand axe          |   109 |   134 ||   243
Invok: Depart the Abyss  |     1 |       ||     1
  Use: Potion            |       |     4 ||     4
  Eat: Chunk             |       |     4 ||     4
Armor: Ring mail         |    27 |       ||    27
       Leather armour    |     1 |       ||     1
       Chain mail        |    18 |   115 ||   133
Dodge: Dodged            |    63 |    57 ||   120
